 Dungeon Crawl Stone Soup version 0.21.1-1-g345015fe64 (webtiles) character file.

17286 Loge the Brawler (level 12, -6/189 HPs)
             Began as a Troll Monk on July 18, 2018.
             Was a High Priest of Trog.
             Mangled by a seven-headed hydra (14 damage)
             ... on level 2 of the Lair of Beasts.
             The game lasted 00:26:08 (11271 turns).

Loge the Brawler (Troll Monk)                      Turns: 11271, Time: 00:26:08

Health: -6/189     AC:  8    Str: 27    XL:     12   Next: 17%
Magic:  11/11      EV: 11    Int:  6    God:    Trog [*****.]
Gold:   986        SH:  0    Dex: 16    Spells: 11/11 levels left

rFire    . . .     SeeInvis +     - Unarmed
rCold    + . .     Gourm    +   (no shield)
rNeg     + . .     Faith    .   O - +2 robe {rN+}
rPois    .         Spirit   .   (helmet restricted)
rElec    .         Reflect  .   J - +0 cloak
rCorr    .         Harm     .   (gloves unavailable)
MR       .....                  (boots unavailable)
Stlth    ..........             (no amulet)
HPRegen  0.81/turn              G - ring of protection from cold
MPRegen  0.12/turn              A - ring of see invisible

@: berserking, very quick
A: large, unfitting armour, claws 3, fast metabolism 3, gourmand, regeneration
1, shaggy fur 1, tough skin 2
a: Berserk, Trog's Hand, Brothers in Arms, Burn Spellbooks, Renounce Religion


You were on level 2 of the Lair of Beasts.
You worshipped Trog.
Trog was extremely pleased with you.
You were very full.

You visited 3 branches of the dungeon, and saw 14 of its levels.
You also visited: Bailey.

You collected 986 gold pieces.

Inventory:

Hand Weapons
 g - a +1 whip of electrocution
 x - a +0 blowgun
Missiles
 j - 300 stones (quivered)
 m - 8 large rocks
 y - 67 poisoned needles
 F - 8 javelins of penetration
 K - 12 steel javelins
 L - 4 javelins
Armour
 J - a +0 cloak (worn)
 O - a +2 robe of positive energy (worn)
Jewellery
 A - a ring of see invisible (right claw)
 G - a ring of protection from cold (left claw)
 I - an uncursed ring of protection from fire
Wands
 o - a wand of iceblast (17)
 u - a wand of polymorph (10)
 D - a wand of disintegration (35)
 M - a wand of digging (14)
 V - a wand of enslavement (9)
Scrolls
 c - 2 scrolls of magic mapping {unknown}
 e - 16 scrolls of identify {unknown}
 f - a scroll of fear {unknown}
 h - 4 scrolls of blinking {unknown}
 i - a scroll of fog {unknown}
 n - 2 scrolls of immolation {unknown}
 q - 3 scrolls of silence {unknown}
 r - 6 scrolls of teleportation {unknown}
 s - 2 scrolls of amnesia {unknown}
 B - 5 scrolls of random uselessness {unknown}
 N - 3 scrolls of remove curse {unknown}
 P - a scroll of summoning {unknown}
 R - 2 scrolls of torment {unknown}
Potions
 d - 2 potions of lignification {unknown}
 k - 2 potions of mutation {unknown}
 l - 7 potions of brilliance {unknown}
 p - 6 potions of heal wounds {unknown}
 t - a potion of ambrosia {unknown}
 v - 5 potions of flight {unknown}
 w - 3 potions of haste {unknown}
 z - 5 potions of curing {unknown}
 C - 2 potions of resistance {unknown}
 E - a potion of cancellation {unknown}
 H - a potion of degeneration {unknown}
 Q - 4 potions of might {unknown}
 S - a potion of magic {unknown}
 T - a potion of agility {unknown}
 U - 2 potions of experience {unknown}
Comestibles
 b - 25 rations


   Skills:
 + Level 10.1 Fighting
 - Level 2.4 Dodging
 - Level 1.0 Stealth
 * Level 15.8 Unarmed Combat


You had 11 spell levels left.
You didn't know any spells.

Dungeon Overview and Level Annotations

Branches:
Dungeon (11/15)            Temple (1/1) D:7            Lair (2/6) D:11
    Orc (0/2) D:10
  Swamp: Lair:2-4    Shoals: Lair:2-4     Snake: Lair:2-4    Spider: Lair:2-4

Altars:
Dithmenos
Elyvilon
Gozag
Hepliaklqana
Kikubaaqudgha
Makhleb
Nemelex Xobeh
Okawaru
Qazlal
Ru
Sif Muna
Trog
Vehumet
Xom
Zin

Shops:
D:5 %   D:11 %

Annotations:
D:10 exclusion: door


Innate Abilities, Weirdness & Mutations

You are too large for most types of armour.
You have claws for hands.
Your metabolism is lightning-fast.
You like to eat raw meat.
Your natural rate of healing is unusually fast.
You are covered in fur. (AC +1)
You have very tough skin. (AC +2)


Message History

The six-headed hydra closely misses you. x2
The six-headed hydra bites you!
* * * LOW HITPOINT WARNING * * *
The six-headed hydra closely misses you.
The six-headed hydra bites you but does no damage. x2
You rip one of the six-headed hydra's heads off!
The five-headed hydra grows two more!
You eviscerate the seven-headed hydra!!!
The seven-headed hydra is almost dead.
The seven-headed hydra bites you!
* * * LOW HITPOINT WARNING * * *
The seven-headed hydra bites you!
* * * LOW HITPOINT WARNING * * *
The seven-headed hydra bites you!
* * * LOW HITPOINT WARNING * * *
The seven-headed hydra bites you!
* * * LOW HITPOINT WARNING * * *
The seven-headed hydra closely misses you.
The seven-headed hydra bites you!
You die...

# ##.≈≈≈≈≈≈≈≈.#$#
##. #.≈≈≈≈≈≈≈≈≈≈.#
###..##.≈≈≈≈≈≈≈≈≈.≈#
#.#+PP#.≈≈≈≈≈≈≈≈.#
#.....#.≈≈≈.>.≈.# #
##....P........#
..+.......##.....#
#..#...D..###.###
#.....@...####
#.......###
#....<..# #P#######
#


You could see a seven-headed hydra.

Vanquished Creatures
  A hydra (D:8)
  2 two-headed ogres
  An unseen horror (D:10)
  Pikel (D:6)
  An orc knight (Bailey)
  An ugly thing (D:11)
  A centaur zombie (D:11)
  Psyche (D:9)
  A komodo dragon (Lair:1)
  A troll (D:11)
  A hornet (D:8)
  4 blink frogs (Lair:1)
  2 dream sheep (D:8)
  A hippogriff (Lair:1)
  A wyvern (D:10)
  6 yaks
  Eustachio (D:6)
  Grum (D:9)
  2 wargs (D:11)
  2 water moccasins (Lair:1)
  An ice beast (D:9)
  16 orc warriors
  3 sky beasts
  2 slaves (D:6)
  2 phantoms
  2 black bears
  3 wolves (D:9)
  A necrophage (D:10)
  8 ogres
  5 centaurs
  2 crocodiles
  Blork the orc (D:6)
  4 big kobolds
  8 bullfrogs
  2 scorpions
  12 wights
  A killer bee (D:11)
  2 howler monkeys
  9 crimson imps
  3 quasits (D:6)
  2 bullfrog zombies
  A jelly (D:6)
  2 centaur skeletons
  17 orc priests
  A bullfrog skeleton (D:10)
  3 hounds
  13 orc wizards
  2 gnoll shamans
  4 iguanas
  Natasha (thrice) (D:2)
  9 worker ants
  A killer bee zombie (D:5)
  A hound skeleton (D:5)
  Robin (D:4)
  3 worker ant zombies
  10 adders
  26 gnolls
  2 shadow imps
  3 oozes
  An adder zombie (D:5)
  An adder skeleton (D:9)
  3 worms
  A dart slug (D:2)
  2 leopard geckos
  63 orcs
  A ball python (D:8)
  6 bats
  6 giant cockroaches
  35 goblins
  23 hobgoblins
  8 jackals
  13 kobolds
  11 quokkas
  A frilled lizard (D:5)
  A quokka skeleton (D:5)
  12 rats
411 creatures vanquished.

Vanquished Creatures (collateral kills)
  An orc warlord (Bailey)
  A hydra (Lair:1)
  3 orc warriors
  An orc (Bailey)
  4 goblins (Bailey)
10 creatures vanquished.

Vanquished Creatures (others)
  A plant (Lair:1)
1 creature vanquished.

Grand Total: 422 creatures vanquished

Notes
Turn   | Place    | Note
-------+----------+-------------------------------------------
     0 | D:1      | Loge the Troll Monk began the quest for the Orb.
     0 | D:1      | Reached XP level 1. HP: 22/22 MP: 0/0
   115 | D:1      | Reached XP level 2. HP: 29/29 MP: 1/1
  1103 | D:2      | Reached XP level 3. HP: 34/36 MP: 2/2
  1166 | D:2      | Reached skill level 4 in Unarmed Combat
  1454 | D:2      | Noticed Natasha
  1456 | D:2      | Found a bloodstained altar of Trog.
  1463 | D:2      | Killed Natasha
  1463 | D:2      | Reached XP level 4. HP: 19/45 MP: 3/3
  1517 | D:2      | Became a worshipper of Trog the Wrathful
  1517 | D:2      | Reached * piety under Trog
  1517 | D:2      | Reached ** piety under Trog
  1639 | D:2      | Noticed Natasha
  1649 | D:2      | Killed Natasha
  1741 | D:2      | Noticed Natasha
  1752 | D:2      | Killed Natasha
  1752 | D:2      | Reached skill level 5 in Unarmed Combat
  1752 | D:2      | Reached XP level 5. HP: 53/53 MP: 4/4
  2081 | D:3      | Found a white marble altar of Elyvilon.
  2203 | D:3      | Reached XP level 6. HP: 59/62 MP: 5/5
  2258 | D:3      | Found a white marble altar of Elyvilon.
  2269 | D:3      | Reached *** piety under Trog
  2434 | D:3      | Reached skill level 6 in Unarmed Combat
  2759 | D:4      | Noticed Robin
  2779 | D:4      | Killed Robin
  2988 | D:4      | Reached XP level 7. HP: 70/70 MP: 6/6
  3261 | D:5      | Entered Level 5 of the Dungeon
  3272 | D:5      | Reached skill level 7 in Unarmed Combat
  3483 | D:5      | Found an iron altar of Okawaru.
  3758 | D:5      | Found Yreavipe's Food Boutique.
  3896 | D:5      | Reached **** piety under Trog
  4035 | D:5      | Reached skill level 5 in Fighting
  4035 | D:5      | Reached skill level 8 in Unarmed Combat
  4203 | D:5      | Reached XP level 8. HP: 60/80 MP: 7/7
  4500 | D:6      | Found a radiant altar of Vehumet.
  4556 | D:6      | Found an ancient bone altar of Kikubaaqudgha.
  4573 | D:7      | Reached skill level 9 in Unarmed Combat
  4660 | D:7      | Received a gift from Trog
  4755 | D:7      | Found a shimmering altar of Xom.
  4821 | D:7      | Found a sacrificial altar of Ru.
  4880 | D:7      | Found a bloodstained altar of Trog.
  4975 | D:6      | Reached skill level 10 in Unarmed Combat
  5019 | D:6      | Found a sparkling altar of Nemelex Xobeh.
  5108 | D:6      | Reached XP level 9. HP: 87/89 MP: 8/8
  5365 | D:6      | Found an opulent altar of Gozag.
  5369 | D:6      | Noticed Blork the orc
  5375 | D:6      | Killed Blork the orc
  5377 | D:6      | Received a gift from Trog
  5392 | D:6      | Noticed Pikel
  5403 | D:6      | Killed Pikel
  5403 | D:6      | Reached skill level 11 in Unarmed Combat
  5412 | D:6      | Found a hazy altar of Hepliaklqana.
  5488 | D:6      | Noticed Eustachio
  5490 | D:6      | Killed Eustachio
  5957 | D:7      | Found a staircase to the Ecumenical Temple.
  5966 | Temple   | Entered the Ecumenical Temple
  6207 | D:8      | Found a shadowy altar of Dithmenos.
  6291 | D:8      | Reached ***** piety under Trog
  6294 | D:8      | Reached skill level 12 in Unarmed Combat
  6294 | D:8      | Reached XP level 10. HP: 66/102 MP: 9/9
  6370 | D:8      | Noticed a two-headed hydra
  6404 | D:8      | Killed a two-headed hydra
  7409 | D:9      | Reached skill level 13 in Unarmed Combat
  7511 | D:9      | Noticed Psyche
  7522 | D:9      | Killed Psyche
  7959 | D:9      | Noticed Grum
  7981 | D:9      | Killed Grum
  7981 | D:9      | Reached XP level 11. HP: 63/113 MP: 10/10
  8056 | D:9      | Noticed a two-headed ogre
  8062 | D:9      | Killed a two-headed ogre
  8089 | D:10     | Entered Level 10 of the Dungeon
  8242 | D:10     | Found a glowing silver altar of Zin.
  8244 | D:10     | Found the +4 moon troll leather armour {Spirit, Regen++ MP+5}
  8268 | D:10     | Reached skill level 14 in Unarmed Combat
  8272 | D:10     | Noticed a two-headed ogre
  8279 | D:10     | Killed a two-headed ogre
  8529 | D:10     | Noticed an unseen horror
  8534 | D:10     | Killed an unseen horror
  8570 | D:10     | Found a burning altar of Makhleb.
  8872 | D:10     | Found a staircase to the Orcish Mines.
  9241 | D:11     | Found Uvvoagog's Food Shoppe.
  9251 | D:11     | Received a gift from Trog
  9286 | D:11     | Found a staircase to the Lair.
  9407 | D:11     | Noticed a brown ugly thing
  9419 | D:11     | Killed a brown ugly thing
  9601 | D:11     | Reached skill level 15 in Unarmed Combat
  9709 | D:11     | Found a flagged portal.
  9723 | Bailey   | Entered a bailey
  9859 | Bailey   | Reached ****** piety under Trog
  9906 | Bailey   | Received a gift from Trog
 10060 | Bailey   | Noticed an orc knight
 10060 | Bailey   | Noticed an orc warlord
 10108 | Bailey   | Killed an orc knight
 10123 | Bailey   | Killed an orc warlord
 10502 | Lair:1   | Entered Level 1 of the Lair of Beasts
 10504 | Lair:1   | Reached XP level 12. HP: 126/126 MP: 11/11
 10508 | Lair:1   | Reached skill level 10 in Fighting
 10831 | Lair:1   | Noticed a four-headed hydra
 10837 | Lair:1   | Killed a five-headed hydra
 11257 | Lair:2   | Noticed a five-headed hydra
 11271 | Lair:2   | HP: 8/189 [seven-headed hydra (7)]
 11271 | Lair:2   | Mangled by a seven-headed hydra

Skill      XL: |  1  2  3  4  5  6  7  8  9 10 11 12 |
---------------+-------------------------------------+-----
Unarmed Combat | 4 5 6 8 10 12 13 15 | 15.8
Fighting       | 3 4 5 6 7 8 9 10 | 10.1
Dodging        | |  2.4
Stealth        | |  1.0

Action                   |  1- 3 |  4- 6 |  7- 9 | 10-12 || total
-------------------------+-------+-------+-------+-------++-------
Melee: Unarmed           |   117 |   139 |   320 |   531 ||  1107
       Punch             |       |     1 |     9 |    41 ||    51
       Whip              |       |       |       |    16 ||    16
Invok: Berserk           |       |       |     5 |    11 ||    16
       Brothers in Arms  |       |       |       |     3 ||     3
       Trog's Hand       |       |       |       |     1 ||     1
 Stab: Sleeping          |     3 |     3 |     6 |     2 ||    14
       Distracted        |       |       |     2 |       ||     2
  Eat: Chunk             |    19 |    14 |    34 |    56 ||   123
Armor: Robe              |    44 |    24 |    80 |   103 ||   251
Dodge: Dodged            |    55 |    59 |   160 |   205 ||   479
